 Dungeon Crawl Stone Soup version 0.21.1-1-g345015f (webtiles) character file.

198 diana the Gusty (level 5, 0/28 HPs)
             Began as a Tengu Air Elementalist on June 10, 2018.
             Was an Initiate of Vehumet.
             Slain by an orc
             ... wielding a +0 club
              (1 damage)
             ... on level 4 of the Dungeon.
             The game lasted 00:11:46 (3638 turns).

diana the Gusty (Tengu Air Elementalist)            Turns: 3638, Time: 00:11:48

Health: 0/28       AC:  2    Str:  8    XL:     5   Next: 76%
Magic:  2/11       EV: 12    Int: 17    God:    Vehumet [......]
Gold:   161        SH:  0    Dex: 14    Spells: 2/10 levels left

rFire    . . .     SeeInvis .   (no weapon)
rCold    . . .     Gourm    .   (no shield)
rNeg     . . .     Faith    .   a - +0 robe
rPois    .         Spirit   .   (helmet restricted)
rElec    .         Reflect  .   (no cloak)
rCorr    .         Harm     .   (no gloves)
MR       .....                  (boots unavailable)
Stlth    ++........             (no amulet)
HPRegen  0.09/turn              (no ring)
MPRegen  0.12/turn              (no ring)

@: very slightly contaminated, drained
A: beak, talons 3, able to fly 1
a: Fly, Renounce Religion


You were on level 4 of the Dungeon.
You worshipped Vehumet.
Vehumet was noncommittal.
You were near starving.

You visited 2 branches of the dungeon, and saw 5 of its levels.

You collected 161 gold pieces.

Inventory:

Hand Weapons
 m - a +0 mace of protection
Armour
 a - a +0 robe (worn)
Wands
 l - a wand of clouds (6)
Scrolls
 e - 2 scrolls of teleportation {unknown}
 f - a scroll of blinking {unknown}
 g - 3 scrolls of remove curse {unknown}
 i - 4 scrolls of identify {unknown}
 j - 2 scrolls of noise {unknown}
Potions
 d - a potion of degeneration {unknown}
 h - a potion of mutation {unknown}
 k - a potion of might {unknown}
 n - a potion of lignification {unknown}
 o - a potion of invisibility {unknown}
 p - a potion of curing {unknown}
Books
 b - a book of Air

   Spells                             Type                      Level
   a - Shock                          Conjuration/Air              1
   b - Swiftness                      Charms/Air                   2
   c - Static Discharge               Conjuration/Air              3
   d - Airstrike                      Air                          4
   e - Lightning Bolt                 Conjuration/Air              5
Comestibles
 c - 8 rations


   Skills:
 - Level 2.1(1.9) Dodging
 - Level 2.0(1.7) Stealth
 + Level 3.4(3.1) Spellcasting
 + Level 4.2(3.9) Conjurations
 + Level 5.8(5.5) Air Magic


You had 2 spell levels left.
You knew the following spells:

 Your Spells              Type           Power        Failure   Level  Hunger
a - Shock                 Conj/Air       ###.         2%          1    None
b - Static Discharge      Conj/Air       ###.....     8%          3    ###....
c - Airstrike             Air            ###.......   19%         4    ####...


Dungeon Overview and Level Annotations

Branches:
Dungeon (4/15)             Temple (1/1) D:4

Altars:
Ashenzari
Dithmenos
Elyvilon
Fedhas
Gozag
Hepliaklqana
Kikubaaqudgha
Makhleb
Nemelex Xobeh
Okawaru
Qazlal
Ru
Sif Muna
Trog
Uskayaw
Vehumet
Wu Jian
Xom
Yredelemnul
Zin
The Shining One


Innate Abilities, Weirdness & Mutations

You have a beak for a mouth.
You have claws for feet.
You can fly.


Message History

You are very lightly contaminated with residual magic.
Wisps of smoke drift from your hands.
You are near starving!
The orc misses you. The orc barely misses you. The orc closely misses you.
Casting: Static Discharge
Confirm with . or Enter, or press ? or * to list all spells.
The orc is struck by lightning.
You kill the orc!
Vehumet accepts your kill.
The lightning arcs!
You are struck by lightning.
* * * LOW HITPOINT WARNING * * *
The lightning grounds out.
The orc is struck by lightning.
The orc is severely wounded.
The lightning arcs!
You are struck by lightning.
* * * LOW HITPOINT WARNING * * *
The lightning arcs!
The orc is struck by lightning.
The orc is heavily wounded.
The lightning grounds out.
The orc completely misses you. The orc barely misses you.
The orc hits you with a club.
You die...

.# .####
########+#.....
#..............
###..............
......)..........
......)@.........
......ooo........
###..............
#..............
###########...#
..# .# #


You could see 3 orcs.

Vanquished Creatures
  An orc wizard (D:3)
  8 adders
  An ooze (D:2)
  A worm (D:4)
  A dart slug (D:1)
  A leopard gecko (D:2)
  11 orcs
  3 giant cockroaches (D:3)
  7 goblins
  3 hobgoblins
  16 jackals
  7 kobolds
  3 quokkas
  A ball python (D:3)
  5 bats
  2 frilled lizards
  7 rats
78 creatures vanquished.

Notes
Turn   | Place    | Note
-------+----------+-------------------------------------------
     0 | D:1      | diana the Tengu Air Elementalist began the quest for the Orb.
     0 | D:1      | Reached XP level 1. HP: 10/10 MP: 4/4
   157 | D:1      | Reached XP level 2. HP: 2/15 MP: 0/6
   617 | D:1      | Reached XP level 3. HP: 19/19 MP: 1/7
   678 | D:1      | Learned a level 3 spell: Static Discharge
  1164 | D:2      | Reached XP level 4. HP: 20/24 MP: 2/9
  1511 | D:2      | Reached skill level 5 in Air Magic
  2497 | D:3      | Found a faded altar of an unknown god.
  2626 | D:3      | Gained mutation: You can fly. [Tengu growth]
  2626 | D:3      | Reached XP level 5. HP: 28/28 MP: 5/10
  3369 | D:3      | Learned a level 4 spell: Airstrike
  3393 | D:4      | Found a staircase to the Ecumenical Temple.
  3399 | Temple   | Entered the Ecumenical Temple
  3502 | Temple   | Became a worshipper of Vehumet
  3638 | D:4      | HP: 1/28 [/static electricity (1)]
  3638 | D:4      | Slain by an orc

Skill      XL: |  1  2  3  4  5 |
---------------+----------------+-----
Conjurations   | 2 3 4 |  4.2
Air Magic      | 5 |  5.8
Spellcasting   | 3 |  3.4
Dodging        | |  2.1
Stealth        | |  2.0

Action                   |  1- 3 |  4- 6 || total
-------------------------+-------+-------++-------
Melee: Unarmed           |     4 |     1 ||     5
       Kick              |     1 |       ||     1
 Cast: Shock             |    56 |    92 ||   148
       Static Discharge  |     1 |    10 ||    11
  Eat: Chunk             |     1 |     4 ||     5
       Ration            |       |     1 ||     1
Armor: Robe              |     6 |     4 ||    10
Dodge: Dodged            |    23 |    15 ||    38
